MLB
MINNESOTA TWINS @ OAKLAND ATHLETICS
05/12/2042
 
TOP OF THE 1ST
Minnesota Twins batting - Pitching for Oakland Athletics : LHP Norberto Ramírez
Pitching: LHP Norberto Ramírez
Batting: LHB Ánibal Santos 0-0: Called Strike
0-1: Foul Ball, location: 7LMF
0-2: Ground out 6-3 (Groundball, 56D, EV 101.3 MPH)
Batting: LHB Joe Anderson 0-0: Called Strike
0-1: SINGLE (Groundball, 4MD, EV 105.0 MPH)
Batting: RHB Cecilio Kendall 0-0: Foul Ball, location: 7LDF
0-1: Ball
1-1: Grounds into double play, 6-4-3 (Groundball, 6, EV 103.8 MPH)
Top of the 1st over - 0 runs, 1 hit, 0 errors, 0 left on base; Minnesota 0 - Oakland 0
BOTTOM OF THE 1ST
Oakland Athletics batting - Pitching for Minnesota Twins : RHP Bud Miller
Pitching: RHP Bud Miller
Batting: RHB Ed Hicks 0-0: Ball
1-0: Ball
2-0: Foul Ball, location: 2F
2-1: SINGLE (Groundball, 6, EV 106.3 MPH) (infield hit)
Batting: RHB Jody Dailey 0-0: Ball
1-0: Ball
2-0: Called Strike
Ed Hicks steals 2nd base
2-1: Ground out 6-3 (Groundball, 6, EV 81.9 MPH)
Ed Hicks to third
Batting: SHB Steve Dodd 0-0: Foul Ball, location: 5DF
0-1: Ball
1-1: Ball
2-1: Called Strike
2-2: Strikes out looking
Batting: RHB Devin Hogan 0-0: Foul Ball, location: 5SF
0-1: Ball
1-1: Swinging Strike
1-2: Ball
2-2: Ball
3-2: Ground out 5-3 (Groundball, 56, EV 81.9 MPH)
Bottom of the 1st over - 0 runs, 1 hit, 0 errors, 1 left on base; Minnesota 0 - Oakland 0
TOP OF THE 2ND
Minnesota Twins batting - Pitching for Oakland Athletics : LHP Norberto Ramírez
Batting: RHB Mike Hudson 0-0: Ground out 5-3 (Groundball, 56S, EV 62.5 MPH)
Batting: SHB Steve Sanders 0-0: Called Strike
0-1: Called Strike
0-2: Ball
1-2: Foul Ball, location: 3FF
1-2: Strikes out swinging
Batting: LHB Pancho Cervantez 0-0: Ball
1-0: Ground out 6-3 (Groundball, 4M, EV 85.6 MPH)
Top of the 2nd over - 0 runs, 0 hits, 0 errors, 0 left on base; Minnesota 0 - Oakland 0
BOTTOM OF THE 2ND
Oakland Athletics batting - Pitching for Minnesota Twins : RHP Bud Miller
Batting: RHB Héctor González 0-0: Ball
1-0: Ball
2-0: Fly out, F9 (Line Drive, 89M, EV 84.4 MPH)
Batting: SHB Jorge Montáñez 0-0: Foul Ball, location: 3FF
0-1: Swinging Strike
0-2: Strikes out swinging
Batting: RHB Jesús García 0-0: Called Strike
0-1: Ball
1-1: Foul Ball, location: 3F
1-2: Foul Ball, location: 2F
1-2: Ball
2-2: Ball
3-2: Ground out 5-3 (Groundball, 56, EV 79.4 MPH)
Bottom of the 2nd over - 0 runs, 0 hits, 0 errors, 0 left on base; Minnesota 0 - Oakland 0
TOP OF THE 3RD
Minnesota Twins batting - Pitching for Oakland Athletics : LHP Norberto Ramírez
Batting: RHB Connor Teek 0-0: Called Strike
0-1: Ball
1-1: Fly out, F9 (Line Drive, 89M, EV 90.6 MPH)
Batting: LHB Kaspar Linge 0-0: Swinging Strike
0-1: Foul Ball, location: 2F
0-2: Ball
1-2: Strikes out swinging
Batting: RHB Chris Porter 0-0: Called Strike
0-1: Called Strike
0-2: Fly out, F8 (Line Drive, 78M, EV 88.8 MPH)
Top of the 3rd over - 0 runs, 0 hits, 0 errors, 0 left on base; Minnesota 0 - Oakland 0
BOTTOM OF THE 3RD
Oakland Athletics batting - Pitching for Minnesota Twins : RHP Bud Miller
Batting: RHB Jim Foxworthy 0-0: Ball
1-0: Ball
2-0: Called Strike
2-1: Foul Ball, location: 2F
2-2: DOUBLE (Line Drive, 78D, EV 111.3 MPH)
Batting: RHB Stu Braun 0-0: Called Strike
0-1: Foul Ball, location: 9LSF
0-2: Ball
1-2: Strikes out looking
Batting: RHB Ed Hicks 0-0: Ball
1-0: Ball
2-0: Foul Ball, location: 2F
2-1: Ball
3-1: Foul Ball, location: 2F
3-2: Strikes out swinging
Batting: RHB Jody Dailey 0-0: Ball
1-0: Called Strike
1-1: Ball
2-1: Called Strike
2-2: Ball
3-2: SINGLE (Groundball, 4MD, EV 105.6 MPH)
Jim Foxworthy to third
Runner from 3rd tries for Home, SAFE, throw by CF to home
Batting: SHB Steve Dodd 0-0: Called Strike
0-1: Ball
1-1: Swinging Strike
1-2: Ball
2-2: Strikes out swinging
Bottom of the 3rd over - 1 run, 2 hits, 0 errors, 1 left on base; Minnesota 0 - Oakland 1
TOP OF THE 4TH
Minnesota Twins batting - Pitching for Oakland Athletics : LHP Norberto Ramírez
Batting: LHB Ánibal Santos 0-0: Ball
1-0: Ball
2-0: Called Strike
2-1: Called Strike
2-2: Foul Ball, location: 5F
2-2: Ball
3-2: Fly out, F8 (Line Drive, 8RM, EV 92.5 MPH)
Batting: LHB Joe Anderson 0-0: Ball
1-0: Ball
2-0: Foul Ball, location: 7LMF
2-1: Ball
3-1: Called Strike
3-2: Fly out, F9 (Flyball, 89M, EV 97.5 MPH)
Batting: RHB Cecilio Kendall 0-0: Called Strike
0-1: Foul Ball, location: 5F
0-2: Ball
1-2: Foul Ball, location: 7LSF
1-2: DOUBLE (Groundball, 5L, EV 101.3 MPH)
Batting: RHB Mike Hudson 0-0: Ball
1-0: Called Strike
1-1: Fly out, F9 (Flyball, 9, EV 80.6 MPH)
Top of the 4th over - 0 runs, 1 hit, 0 errors, 1 left on base; Minnesota 0 - Oakland 1
BOTTOM OF THE 4TH
Oakland Athletics batting - Pitching for Minnesota Twins : RHP Bud Miller
Batting: RHB Devin Hogan 0-0: Ball
1-0: Foul Ball, location: 2F
1-1: Swinging Strike
1-2: Strikes out swinging
Batting: RHB Héctor González 0-0: Ball
1-0: Ball
2-0: Foul Ball, location: 7LMF
2-1: Ball
3-1: Ground out 4-3 (Groundball, 4M, EV 83.1 MPH)
Batting: SHB Jorge Montáñez 0-0: Called Strike
0-1: Called Strike
0-2: Strikes out swinging
Bottom of the 4th over - 0 runs, 0 hits, 0 errors, 0 left on base; Minnesota 0 - Oakland 1
TOP OF THE 5TH
Minnesota Twins batting - Pitching for Oakland Athletics : LHP Norberto Ramírez
Batting: SHB Steve Sanders 0-0: Called Strike
0-1: Swinging Strike
0-2: Ball
1-2: Ball
2-2: Strikes out swinging
Batting: LHB Pancho Cervantez 0-0: Called Strike
0-1: Ball
1-1: Swinging Strike
1-2: Strikes out swinging
Batting: RHB Connor Teek 0-0: Ball
1-0: Called Strike
1-1: Fly out, F8 (Line Drive, 8LD, EV 91.9 MPH)
Top of the 5th over - 0 runs, 0 hits, 0 errors, 0 left on base; Minnesota 0 - Oakland 1
BOTTOM OF THE 5TH
Oakland Athletics batting - Pitching for Minnesota Twins : RHP Bud Miller
Batting: RHB Jesús García 0-0: Called Strike
0-1: Ground out 4-3 (Groundball, 13, EV 87.5 MPH)
Batting: RHB Jim Foxworthy 0-0: Called Strike
0-1: Foul Ball, location: 3FF
0-2: Ball
1-2: Ball
2-2: Fly out, F3 (Line Drive, 3, EV 58.1 MPH)
Batting: RHB Stu Braun 0-0: Ground out 5-3 (Groundball, 56S, EV 88.8 MPH)
Bottom of the 5th over - 0 runs, 0 hits, 0 errors, 0 left on base; Minnesota 0 - Oakland 1
TOP OF THE 6TH
Minnesota Twins batting - Pitching for Oakland Athletics : LHP Norberto Ramírez
Batting: LHB Kaspar Linge 0-0: Foul Ball, location: 2F
0-1: Foul Ball, location: 2RF
0-2: Ball
1-2: Strikes out looking
Batting: RHB Chris Porter 0-0: Ball
1-0: Foul Ball, location: 2F
1-1: Ball
2-1: Ball
3-1: Base on Balls
Batting: LHB Ánibal Santos 0-0: Ball
1-0: Ball
2-0: Foul Ball, location: 7LSF
2-1: Fly out, F7 (Flyball, 7S, EV 96.3 MPH)
Lined into DP, 7-3 (Flyball, 7S, EV 96.3 MPH)
Top of the 6th over - 0 runs, 0 hits, 0 errors, 0 left on base; Minnesota 0 - Oakland 1
BOTTOM OF THE 6TH
Oakland Athletics batting - Pitching for Minnesota Twins : RHP Bud Miller
Batting: RHB Ed Hicks 0-0: Called Strike
0-1: Ball
1-1: Ball
2-1: Ball
3-1: Base on Balls
Batting: RHB Jody Dailey 0-0: Ball
1-0: Ball
2-0: Ball
3-0: Base on Balls
Ed Hicks to second
Batting: SHB Steve Dodd 0-0: Ball
1-0: Ball
2-0: Called Strike
2-1: Fly out, F5 (Popup, 25, EV 81.9 MPH)
Batting: RHB Devin Hogan 0-0: Foul Ball, location: 9LSF
0-1: Called Strike
Ed Hicks steals 3rd base (no throw)
Jody Dailey to second
0-2: Ball
1-2: Ball
2-2: Foul Ball, location: 25F
2-2: Foul Ball, location: 25F
2-2: Ball
3-2: Intentional Walk
Pitching: RHP Lúcio Barrios
Batting: RHB Héctor González 0-0: Ball
1-0: Grounds into fielders choice 6-2 (Groundball, 6, EV 88.8 MPH)
Jody Dailey to third
Devin Hogan to second
Batting: SHB Jorge Montáñez 0-0: Ball
1-0: Ball
2-0: Ball
3-0: Called Strike
3-1: Called Strike
3-2: Strikes out swinging
Bottom of the 6th over - 0 runs, 0 hits, 0 errors, 3 left on base; Minnesota 0 - Oakland 1
TOP OF THE 7TH
Minnesota Twins batting - Pitching for Oakland Athletics : LHP Norberto Ramírez
Batting: LHB Joe Anderson 0-0: Swinging Strike
0-1: Ground out 4-3 (Groundball, 4, EV 103.1 MPH)
Batting: RHB Cecilio Kendall 0-0: Foul Ball, location: 2F
0-1: Foul Ball, location: 2F
0-2: Ball
1-2: Ground out 1-3 (Groundball, 25, EV 63.1 MPH)
Batting: RHB Mike Hudson 0-0: Called Strike
0-1: Fly out, F8 (Flyball, 8LXD, EV 109.4 MPH)
Top of the 7th over - 0 runs, 0 hits, 0 errors, 0 left on base; Minnesota 0 - Oakland 1
BOTTOM OF THE 7TH
Oakland Athletics batting - Pitching for Minnesota Twins : RHP Lúcio Barrios
Batting: RHB Jesús García 0-0: SINGLE (Line Drive, 4D, EV 102.5 MPH)
Batting: RHB Jim Foxworthy 0-0: Ball
1-0: Fielders Choice at 2nd, 1-6 (Groundball, 34S, EV 75.6 MPH)
Batting: RHB Stu Braun 0-0: Ball
Jim Foxworthy steals 2nd base
1-0: SINGLE (Line Drive, 8LS, EV 90.0 MPH)
Jim Foxworthy to third
Batting: RHB Ed Hicks 0-0: Foul Ball, location: 9LSFF
0-1: Called Strike
0-2: Foul Ball, location: 2RF
0-2: Ball
1-2: Foul Ball, location: 3SF
1-2: Strikes out swinging
Batting: RHB Jody Dailey 0-0: Ball
1-0: Ball
2-0: Ball
3-0: Base on Balls
Stu Braun to second
Batting: SHB Steve Dodd 0-0: Called Strike
0-1: Foul Ball, location: 5F
0-2: Ball
1-2: Fly out, F9 (Flyball, 9LM, EV 92.5 MPH)
Bottom of the 7th over - 0 runs, 2 hits, 0 errors, 3 left on base; Minnesota 0 - Oakland 1
TOP OF THE 8TH
Minnesota Twins batting - Pitching for Oakland Athletics : LHP Norberto Ramírez
Batting: SHB Steve Sanders 0-0: Foul Ball, location: 9LDF
0-1: Ball
1-1: Foul Ball, location: 2F
1-2: Ball
2-2: Ball
3-2: Strikes out swinging, 2-3 out at first.
Pitching: RHP José López
Batting: LHB Pancho Cervantez 0-0: Called Strike
0-1: Foul Ball, location: 5FF
0-2: Foul Ball, location: 9LSF
0-2: Strikes out swinging
Batting: RHB Connor Teek 0-0: Called Strike
0-1: Swinging Strike
0-2: Strikes out swinging
Top of the 8th over - 0 runs, 0 hits, 0 errors, 0 left on base; Minnesota 0 - Oakland 1
BOTTOM OF THE 8TH
Oakland Athletics batting - Pitching for Minnesota Twins : RHP Lúcio Barrios
Batting: RHB Devin Hogan 0-0: Called Strike
0-1: Foul Ball, location: 3F
0-2: SINGLE (Line Drive, 7S, EV 98.1 MPH)
Batting: RHB Héctor González 0-0: Foul Ball, location: 2F
0-1: Foul Ball, location: 2F
0-2: Strikes out swinging
Batting: SHB Jorge Montáñez 0-0: Ball
1-0: Ball
2-0: Foul Ball, location: 7LDF
2-1: Ball
3-1: Foul Ball, location: 3FF
3-2: Base on Balls
Devin Hogan to second
Batting: RHB Jesús García 0-0: SINGLE (Flyball, 9S, EV 88.8 MPH)
Devin Hogan to third
Jorge Montáñez to second
Batting: RHB Jim Foxworthy 0-0: SINGLE (Groundball, 56D, EV 96.9 MPH)
Devin Hogan scores
Jorge Montáñez to third
Jesús García to second
Batting: RHB Stu Braun 0-0: Ball
1-0: Foul Ball, location: 9LDF
1-1: Called Strike
1-2: Ball
2-2: Ball
3-2: Foul Ball, location: 7LDF
3-2: Strikes out swinging
Batting: RHB Ed Hicks 0-0: Hit by Pitch
Jorge Montáñez scores
Jesús García to third
Jim Foxworthy to second
Batting: RHB Jody Dailey 0-0: Ball
1-0: Foul Ball, location: 3FF
1-1: Called Strike
1-2: Foul Ball, location: 9LDF
1-2: Foul Ball, location: 9LMF
1-2: Foul Ball, location: 25FF
1-2: Ball
2-2: Foul Ball, location: 25FF
2-2: Fly out, F6 (Popup, 6, EV 53.1 MPH)
Bottom of the 8th over - 2 runs, 3 hits, 0 errors, 3 left on base; Minnesota 0 - Oakland 3
TOP OF THE 9TH
Minnesota Twins batting - Pitching for Oakland Athletics : RHP José López
Now at 1B: Dane Edgar
Batting: LHB Kaspar Linge 0-0: Ball
1-0: Foul Ball, location: 2F
1-1: Ball
2-1: Ground out 6-3 (Groundball, 6, EV 80.6 MPH)
Pinch Hitting: SHB Ron Richards 0-0: Foul Ball, location: 2F
0-1: Called Strike
0-2: Ball
1-2: Strikes out swinging
Batting: LHB Ánibal Santos 0-0: Called Strike
0-1: Ball
1-1: Foul Ball, location: 7LDF
1-2: Ball
2-2: Foul Ball, location: 2F
2-2: SINGLE (Groundball, 4D, EV 96.3 MPH)
Batting: LHB Joe Anderson 0-0: Ball
1-0: Called Strike
1-1: Called Strike
1-2: Strikes out swinging
Top of the 9th over - 0 runs, 1 hit, 0 errors, 1 left on base; Minnesota 0 - Oakland 3
Monday, April 29th , 2024 - OOTP Baseball 24.10 Build 82